[Event "Titled Tuesday Blitz July 25 Early 2023"]
[White "Floresvillar Gonzalez, Luis Migu"]
[Black "Clawitter, Craig"]
[WhiteFideId "5100542"]
[BlackFideId "2023105"]
[WhiteElo "2074"]
[BlackElo "2277"]
[Result "1-0"]
[Round "9"]
[TimeControl "180+2"]
[Date "2023.07.25"]
[WhiteClock "0:00:13"]
[BlackClock "0:00:00"]
[Board "180"]

1. e4 e6 2. b3 d5 3. Bb2 Nf6 4. e5 Nfd7 5. f4 c5 6. Nf3 Nc6 7. g3 Be7 8. Bg2 b5 9. a4 b4 10. d3 Bb7 11. h4 Qc7 12. a5 Nxa5 13. Nbd2 Nc6 14. O-O a5 15. Qe2 Nb6 16. Ng5 h6 17. Ngf3 a4 18. bxa4 Rxa4 19. Rxa4 Nxa4 20. Ba1 O-O 21. Nb3 Ba6 22. f5 Nc3 23. Bxc3 bxc3 24. fxe6 fxe6 25. Qe1 c4 26. Nc1 cxd3 27. Nxd3 Qb6+ 28. Kh2 Nd4 29. Qxc3 Nxf3+ 30. Rxf3 Rxf3 31. Bxf3 Qe3 32. Bg2 Bxd3 33. cxd3 d4 34. Qc4 Qxe5 35. Bh3 Kf7 36. Bg4 Bd6 37. Bxe6+ Qxe6 38. Qxd4 Qe5 39. Qf2+ Kg8 40. Qf3 Kh7 41. h5 Qd4 42. Qf5+ Kg8 43. Qc8+ Bf8 44. Qe6+ Kh8 45. Qf5 Qf6 46. Qe4 Kg8 47. Qd5+ Qf7 48. Qb5 Be7 49. Kh3 1-0


[Site "https://www.chess.com"]

[Event "Titled Tuesday Blitz July 25 Early 2023"]
[White "So, Wesley"]
[Black "Vachier-Lagrave, Maxime"]
[WhiteFideId "5202213"]
[BlackFideId "623539"]
[WhiteElo "3114"]
[BlackElo "3156"]
[Result "1/2-1/2"]
[Round "10"]
[TimeControl "180+2"]
[Date "2023.07.25"]
[WhiteClock "0:00:44"]
[BlackClock "0:00:55"]
[Board "1"]

1. Nf3 d5 2. d4 Nf6 3. Bf4 e6 4. e3 c5 5. Nbd2 Nc6 6. c3 Nh5 7. Bg5 f6 8. Bh4 g6 9. Bd3 cxd4 10. cxd4 Be7 11. Rc1 O-O 12. a3 Bd7 13. Nb3 Ng7 14. Bg3 Nf5 15. Nc5 Bxc5 16. Rxc5 Nxg3 17. hxg3 Rc8 18. O-O b6 19. Rc3 Ne7 20. Qe2 Rxc3 21. bxc3 Qc7 22. c4 Rc8 23. cxd5 exd5 24. Ba6 Qc2 25. Qe1 Rc3 26. Qa1 Kg7 27. Rb1 Bf5 28. Rf1 Rc7 29. a4 Qc3 30. Qa2 Qc2 31. Qa3 Qc3 32. Qd6 Qc6 33. Qb4 Qc3 34. Qd6 Qc6 35. Qb4 Qc3 36. Qd6 1/2-1/2


[Site "https://www.chess.com"]

[Event "Titled Tuesday Blitz July 25 Early 2023"]
[White "Dubov, Daniil"]
[Black "Tari, Aryan"]
[WhiteFideId "24126055"]
[BlackFideId "1510045"]
[WhiteElo "3115"]
[BlackElo "2944"]
[Result "1/2-1/2"]
[Round "10"]
[TimeControl "180+2"]
[Date "2023.07.25"]
[WhiteClock "0:00:09"]
[BlackClock "0:00:09"]
[Board "2"]

1. Nf3 d5 2. d4 Nf6 3. c4 e6 4. g3 dxc4 5. Bg2 c5 6. O-O Nc6 7. Ne5 Bd7 8. Nxc4 cxd4 9. Bf4 Nd5 10. Nd6+ Bxd6 11. Bxd6 Nde7 12. Nd2 e5 13. Nf3 f6 14. Qb3 Qb6 15. Qa3 Rc8 16. Nd2 Qa6 17. Qxa6 bxa6 18. Rfc1 Kf7 19. Bc5 Nf5 20. b4 h5 21. a4 Rb8 22. Rab1 Rhc8 23. Bd5+ Be6 24. Be4 Nxb4 25. Bxa7 Na2 26. Rxc8 Rxc8 27. Rb7+ Kg6 28. Nf3 Kh6 29. Rb6 Nc3 30. Bd3 Bd7 31. Nxe5 Bxa4 32. Rxa6 Bb5 33. Nf7+ Kg6 34. Bxf5+ Kxf5 35. Nd6+ Kg4 36. Nxb5 Nxb5 37. Bxd4 Nxd4 38. Ra4 Rd8 39. e3 Kf3 40. exd4 Ke4 41. Kg2 Rxd4 42. f3+ Ke5 43. Ra5+ Rd5 44. f4+ Ke4 45. Ra7 g5 46. fxg5 fxg5 47. Rh7 Rd2+ 48. Kg1 Kf3 49. Rf7+ Kg4 50. Rf2 Rxf2 51. Kxf2 Kh3 52. Kg1 h4 53. gxh4 gxh4 54. Kh1 Kg4 55. Kg2 Kf4 56. Kh3 Kg5 57. Kg2 Kg4 58. h3+ Kf4 59. Kf2 Ke4 60. Ke2 Kf4 61. Kf2 Ke4 62. Ke2 Kf4 63. Kf2 1/2-1/2


[Site "https://www.chess.com"]

[Event "Titled Tuesday Blitz July 25 Early 2023"]
[White "Iturrizaga Bonelli, Eduardo"]
[Black "Martinez Alcantara, Jose Eduardo"]
[WhiteFideId "3901211"]
[BlackFideId "3805662"]
[WhiteElo "2936"]
[BlackElo "2999"]
[Result "1-0"]
[Round "10"]
[TimeControl "180+2"]
[Date "2023.07.25"]
[WhiteClock "0:00:11"]
[BlackClock "0:00:00"]
[Board "3"]

1. d4 Nf6 2. Nf3 e6 3. c4 Bb4+ 4. Bd2 c5 5. Bxb4 cxb4 6. Nbd2 b6 7. g3 Bb7 8. Bg2 a5 9. O-O O-O 10. a3 Na6 11. Re1 d6 12. axb4 Nxb4 13. Qb3 Qc7 14. Rec1 h6 15. Nb1 Rac8 16. Na3 d5 17. Ne5 Ba6 18. Qd1 Qd6 19. e3 Nd7 20. Nxd7 Qxd7 21. Bf1 dxc4 22. Nxc4 Bxc4 23. Rxc4 Rxc4 24. Bxc4 Rc8 25. Rc1 Rc6 26. Bf1 g6 27. h4 h5 28. Rc3 Qc7 29. Qb3 Nd5 30. Rxc6 Qxc6 31. Qd1 Nf6 32. Bg2 Qc4 33. Bf1 Qb4 34. Qc2 Kg7 35. Kg2 Qe1 36. Be2 Nd5 37. Bf3 Nb4 38. Qe4 Qc1 39. Qe5+ Kh7 40. Be4 Kg8 41. Qb8+ Kg7 42. Qxb6 Qxb2 43. Qxa5 Qc3 44. Qe5+ Kg8 45. Qb8+ Kg7 46. Qe5+ Kg8 47. Qf4 Qc4 48. g4 hxg4 49. Qxg4 Qb5 50. Bxg6 fxg6 51. Qxg6+ Kh8 52. Qf6+ Kh7 53. Qxe6 Nd3 54. Qf7+ Kh8 55. Qf6+ Kh7 56. Qg5 Qc6+ 57. d5 Qc4 58. Qf5+ Kg7 59. Qd7+ Kh6 60. Qc6+ 1-0


[Site "https://www.chess.com"]

[Event "Titled Tuesday Blitz July 25 Early 2023"]
[White "Megaranto, Susanto"]
[Black "Kravtsiv, Martyn"]
[WhiteFideId "7101384"]
[BlackFideId "14113147"]
[WhiteElo "2956"]
[BlackElo "2863"]
[Result "1-0"]
[Round "10"]
[TimeControl "180+2"]
[Date "2023.07.25"]
[WhiteClock "0:00:17"]
[BlackClock "0:00:00"]
[Board "4"]

1. e4 e5 2. Nf3 Nc6 3. Bb5 a6 4. Ba4 Nf6 5. d3 b5 6. Bb3 Be7 7. O-O d6 8. c3 O-O 9. Nbd2 Na5 10. Bc2 c5 11. Re1 Nc6 12. Nf1 Be6 13. Bg5 h6 14. Bxf6 Bxf6 15. Ne3 g6 16. Bb3 Bd7 17. a4 Bg7 18. Bd5 Rb8 19. axb5 axb5 20. Ra6 Rb6 21. Rxb6 Qxb6 22. Qb3 Ne7 23. Ra1 Nxd5 24. Nxd5 Qb7 25. Ra5 Bc6 26. Nd2 Kh7 27. Qa2 Ra8 28. Rxa8 Qxa8 29. Qxa8 Bxa8 30. Nc7 Bc6 31. Nb3 h5 32. Na5 Bd7 33. Nd5 Be6 34. Nc7 Bd7 35. Nd5 Be6 36. Nb7 Bf8 37. Nd8 Bxd5 38. exd5 f5 39. Ne6 Be7 40. b4 e4 41. dxe4 fxe4 42. Nc7 Kg7 43. Nxb5 Kf6 44. Na7 Kf5 45. Nc6 Bf6 46. b5 1-0


[Site "https://www.chess.com"]

[Event "Titled Tuesday Blitz July 25 Early 2023"]
[White "Cordova, Emilio"]
[Black "Bluebaum, Matthias"]
[WhiteFideId "3801497"]
[BlackFideId "24651516"]
[WhiteElo "2862"]
[BlackElo "3055"]
[Result "1/2-1/2"]
[Round "10"]
[TimeControl "180+2"]
[Date "2023.07.25"]
[WhiteClock "0:01:13"]
[BlackClock "0:01:24"]
[Board "5"]

1. Nf3 d5 2. e3 Nf6 3. c4 e6 4. Nc3 Bd6 5. b3 O-O 6. Bb2 c5 7. cxd5 exd5 8. d4 Nc6 9. Be2 cxd4 10. Nxd4 Nxd4 11. Qxd4 Re8 12. O-O Be5 13. Qd2 d4 14. exd4 Qxd4 15. Qxd4 Bxd4 16. Rfd1 Bxc3 17. Bxc3 Rxe2 18. Rd8+ Re8 19. Bxf6 Rxd8 20. Bxd8 Be6 21. Bc7 Rc8 22. Rc1 f6 23. f3 Bd5 24. Kf2 Kf7 25. Bf4 Bc6 26. b4 Rd8 27. b5 Bxb5 28. Rc7+ Rd7 29. Rxd7+ Bxd7 30. Bb8 a6 31. Ke3 Ke6 32. Kd4 Bb5 33. g3 Bc6 34. f4 Kf5 35. Ke3 Kg4 36. Kf2 b5 37. Bc7 h5 38. h4 Kf5 39. Ke3 Be8 40. a3 g6 41. Bd8 Bf7 42. Ba5 Kg4 43. Kf2 Kf5 44. Ke3 Ke6 45. Kd4 Be8 46. Bd8 Bd7 47. Ba5 Bc6 48. Bd8 Bf3 49. Ba5 Kd7 50. Bc3 Bg4 51. Kc5 Ke6 52. Kd4 Bd1 53. Ba5 Kd7 54. Bc3 Kd6 55. Bb4+ Ke6 56. Ba5 Ba4 57. Bd8 Bb3 58. Ba5 Kd7 59. Bc3 Ke7 60. Bb4+ Ke6 61. Ba5 Kf5 62. Ke3 Kg4 63. Kf2 g5 64. fxg5 fxg5 65. Bd8 gxh4 66. gxh4 Kf4 67. Ke2 Ke4 68. Kd2 Kd4 69. Kc1 Be6 70. Kb2 Kc4 71. Bg5 Bf5 72. Bh6 Bg4 73. Bg5 Bf3 74. Bh6 Be4 75. Bg5 Bc6 76. Bh6 Kd5 77. Bg5 Ke4 78. Bh6 Kf5 79. Bg5 Kg6 80. Bd8 Kf7 81. Bg5 Ke6 82. Kc3 Kd5 83. Kb2 Kc4 84. Bf6 a5 85. Bg5 b4 86. axb4 axb4 87. Be7 b3 88. Bg5 Bd5 89. Bh6 Kd3 90. Bg5 Ke4 91. Bf6 Kf5 92. Bg5 Ke6 93. Kc3 Kf7 94. Kb2 Kg6 95. Kc3 Kf5 96. Kb2 Bg8 97. Kb1 Ke4 98. Kb2 Kd4 99. Bf6+ Kd3 100. Bg5 Kc4 101. Bf6 Bf7 102. Bg5 Kd4 103. Bh6 Ke4 104. Bg5 Kf3 105. Kc3 Ke2 106. Kb2 Kd1 107. Bf6 Kd2 108. Bg5+ Kd3 109. Bf6 Be6 110. Bg5 Ke4 111. Bf6 Kf3 112. Bd8 Kg4 113. Kc3 Kf5 114. Kb2 Kg6 115. Kc3 Kf7 116. Kb2 Ke8 117. Bg5 Kd7 118. Kc3 Kd6 119. Kb2 Kc5 120. Kc3 Kb5 121. Kb2 Ka4 122. Bf6 Bf7 123. Bg5 Bg8 124. Be7 Kb5 125. Bg5 Kc4 126. Bf6 Kd3 127. Bg5 Bh7 128. Bd8 Ke2 129. Bg5 Kf3 130. Bd8 Kg4 131. Kc3 b2 132. Kxb2 Kf5 133. Bg5 Bg6 134. Kc3 Ke6 135. Kd4 Bf5 136. Ke3 Bg4 137. Kf4 Kd7 138. Kg3 Kc6 139. Kg2 Kb5 140. Kg3 Ka4 141. Kf4 Kb3 142. Kg3 Ka2 143. Kf4 Kb1 144. Ke5 Kc2 145. Kf4 Kd1 146. Ke5 Ke2 147. Kf4 Kf1 148. Ke5 Kg2 149. Kf6 Kh1 150. Ke5 Kg1 151. Kf6 Kf2 152. Ke5 Ke1 153. Kf6 Ke2 154. Ke5 Kd3 155. Kf6 Kc4 156. Ke7 Kb5 157. Kf6 Ka6 158. Ke7 Ka7 159. Kf7 Ka8 160. Kg7 Kb8 161. Kg6 Kb7 162. Kf6 Kc8 163. Kf7 Kc7 164. Kg7 Kc8 165. Kg6 Kd7 166. Kf6 Kd6 167. Kg7 Kd5 168. Kg6 Ke4 169. Kf6 Kf3 170. Kf7 Kg3 171. Ke7 Kh3 172. Kf6 Kg2 173. Kg6 Kh1 174. Kf7 Kh2 175. Kf6 Kg1 176. Kg6 Kg2 177. Kg7 Kf1 178. Kh6 Kf2 179. Kg6 Ke1 180. Kg7 Ke2 181. Kf7 Kd1 182. Kf6 1/2-1/2


[Site "https://www.chess.com"]

[Event "Titled Tuesday Blitz July 25 Early 2023"]
[White "Sarana, Alexey"]
[Black "ChessBrah"]
[WhiteFideId "24133795"]
[WhiteElo "3052"]
[BlackElo "2944"]
[Result "0-1"]
[Round "10"]
[TimeControl "180+2"]
[Date "2023.07.25"]
[WhiteClock "0:00:04"]
[BlackClock "0:00:07"]
[Board "6"]

1. d4 Nf6 2. c4 e6 3. Nc3 Bb4 4. Qc2 d6 5. Nf3 O-O 6. Bd2 b6 7. e4 Bb7 8. Bd3 e5 9. a3 Bxc3 10. Bxc3 exd4 11. Bxd4 Nxe4 12. Bxe4 Bxe4 13. Qxe4 Re8 14. Be5 Nd7 15. O-O Nxe5 16. Nd2 Qf6 17. Qc2 Nc6 18. Rfe1 a5 19. Ne4 Qg6 20. Re3 Nd4 21. Qd3 Nf5 22. Re2 Re6 23. Rae1 Rae8 24. g3 Ne7 25. f4 h6 26. b4 axb4 27. axb4 Nc6 28. b5 Nb4 29. Qf3 f5 30. Nc3 Nc2 31. Qd5 Nxe1 32. Rxe1 Qf7 33. Rf1 Re1 34. Qd3 R8e3 35. Qd4 Qe6 36. Rxe1 Rxe1+ 37. Kf2 Rh1 38. Kg2 Rc1 39. Qd2 Qe1 40. Qd5+ Kh8 41. Kh3 Qxc3 42. Qxf5 Qxc4 43. Qc8+ Qg8 44. Qd7 Rc5 45. g4 Qf8 46. f5 Kh7 47. Kg3 Qf6 48. Qe8 Qe5+ 0-1


[Site "https://www.chess.com"]

[Event "Titled Tuesday Blitz July 25 Early 2023"]
[White "Svane, Frederik"]
[Black "Giri, Anish"]
[WhiteFideId "12923044"]
[BlackFideId "24116068"]
[WhiteElo "2940"]
[BlackElo "3047"]
[Result "1-0"]
[Round "10"]
[TimeControl "180+2"]
[Date "2023.07.25"]
[WhiteClock "0:00:05"]
[BlackClock "0:00:32"]
[Board "7"]

1. e4 c5 2. Nc3 d6 3. Bb5+ Bd7 4. Bxd7+ Qxd7 5. d4 cxd4 6. Qxd4 Nc6 7. Qd3 Nf6 8. Nf3 g6 9. O-O Bg7 10. Bg5 O-O 11. Nd5 Nh5 12. c3 f5 13. exf5 Rxf5 14. Rfe1 e6 15. Nb4 Nxb4 16. cxb4 Bxb2 17. Rad1 Rd5 18. Qe2 Rxd1 19. Rxd1 Bg7 20. Ne5 Bxe5 21. Qxe5 d5 22. g4 Ng7 23. Be3 a6 24. Bd4 Rc8 25. Rd3 Qc7 26. Rc3 Ne8 27. Qh8+ Kf7 28. Qxh7+ Kf8 29. Rxc7 Rxc7 30. Bc5+ Rxc5 31. bxc5 Nd6 32. cxd6 1-0


[Site "https://www.chess.com"]

[Event "Titled Tuesday Blitz July 25 Early 2023"]
[White "Gholami Orimi, Mahdi"]
[Black "Andreikin, Dmitry"]
[WhiteFideId "12558486"]
[BlackFideId "4158814"]
[WhiteElo "2909"]
[BlackElo "3032"]
[Result "1-0"]
[Round "10"]
[TimeControl "180+2"]
[Date "2023.07.25"]
[WhiteClock "0:00:07"]
[BlackClock "0:00:00"]
[Board "8"]

1. d4 Nf6 2. c4 e6 3. Nc3 Bb4 4. Qc2 O-O 5. e4 d5 6. e5 Ne4 7. Bd3 c5 8. Nf3 cxd4 9. Nxd4 Nc5 10. Bxh7+ Kh8 11. O-O Qh4 12. Ncb5 a6 13. Nc7 Ra7 14. cxd5 Qxh7 15. Be3 b6 16. d6 Ncd7 17. Qb3 Bc5 18. Nf3 Nc6 19. Bxc5 bxc5 20. Ng5 Qf5 21. f4 Nd4 22. Qd1 Kg8 23. Rc1 f6 24. exf6 Nxf6 25. b4 Qg4 26. Rxc5 Bb7 27. Qxg4 Nxg4 28. Ncxe6 Ne2+ 29. Kh1 Rf6 30. h3 Ng3+ 31. Kg1 Ne2+ 32. Kh1 Ng3+ 33. Kg1 Nxf1 34. d7 Ra8 35. Kxf1 Ne3+ 36. Kf2 Nxg2 37. d8=Q+ Rxd8 38. Nxd8 Nxf4 39. Nxb7 Nxh3+ 40. Kg3 Nxg5 41. Rxg5 Rb6 42. Nc5 Rxb4 43. Rg4 Rb5 44. Nb3 Kf7 45. Ra4 Rb6 46. Nc5 Rc6 47. Nxa6 Ke6 48. Nb4 Rc4 49. Ra6+ Ke5 50. Nd3+ Kd4 51. Nf4 Kc3 52. Nd5+ Kd4 53. Nf4 Kc3 54. Kf3 g5 55. Ne2+ Kb2 56. Ke3 g4 57. Kd3 Rb4 58. a4 Ka3 59. a5 Rb5 60. Ra8 Kb4 61. Nd4 Rd5 62. a6 Ka5 63. Kc4 Rd6 64. Kc5 Rg6 65. Nc6+ Ka4 66. a7 g3 67. Rb8 Rg5+ 68. Kd6 Rg6+ 69. Ke5 Rg5+ 70. Kf4 Ra5 71. Nxa5 g2 72. a8=Q g1=Q 73. Nc4+ 1-0


[Site "https://www.chess.com"]

[Event "Titled Tuesday Blitz July 25 Early 2023"]
[White "Duda, Jan-Krzysztof"]
[Black "Harsha Bharathakoti"]
[WhiteFideId "1170546"]
[BlackFideId "5078776"]
[WhiteElo "3008"]
[BlackElo "2876"]
[Result "1-0"]
[Round "10"]
[TimeControl "180+2"]
[Date "2023.07.25"]
[WhiteClock "0:01:01"]
[BlackClock "0:00:00"]
[Board "9"]

1. e4 e5 2. Nf3 Nc6 3. Nc3 Nf6 4. Bb5 Nd4 5. O-O Nxb5 6. Nxb5 c6 7. Nc3 d6 8. d4 Qc7 9. a4 a5 10. Bg5 Be7 11. h3 O-O 12. Re1 Re8 13. Qd3 h6 14. Bxf6 Bxf6 15. d5 Be7 16. Nd2 Rf8 17. Rad1 f5 18. Qc4 Kh8 19. dxc6 bxc6 20. Nd5 Qb7 21. Nxe7 Qxe7 22. Qxc6 Bb7 23. Qc3 Rac8 24. Qd3 fxe4 25. Nxe4 Qh4 26. f3 Rcd8 27. c4 d5 28. cxd5 Bxd5 29. Qc3 Qe7 30. Qxa5 Qb7 31. b4 Qc6 32. Rd2 Rd7 33. Red1 Bxe4 34. Rxd7 Bxf3 35. Qxe5 Qg6 36. Rxg7 Qxg7 37. Qxg7+ Kxg7 38. gxf3 Rxf3 39. Ra1 Kf7 40. a5 Ke6 41. a6 Rf8 42. a7 Ra8 43. b5 Kd6 44. b6 Kc6 45. Rb1 Kb7 46. Kf2 Rf8+ 47. Kg3 Rg8+ 48. Kh4 Re8 49. Kh5 Rf8 50. h4 Rf5+ 51. Kxh6 1-0


[Site "https://www.chess.com"]

[Event "Titled Tuesday Blitz July 25 Early 2023"]
[White "Bacrot, Etienne"]
[Black "Kevlishvili, Robby"]
[WhiteFideId "605506"]
[BlackFideId "1040634"]
[WhiteElo "2877"]
[BlackElo "2997"]
[Result "0-1"]
[Round "10"]
[TimeControl "180+2"]
[Date "2023.07.25"]
[WhiteClock "0:00:00"]
[BlackClock "0:00:25"]
[Board "10"]

1. e4 c5 2. Nf3 d6 3. Bb5+ Bd7 4. c4 Nf6 5. Nc3 g6 6. O-O Bg7 7. d4 cxd4 8. Nxd4 O-O 9. f3 Nc6 10. Be3 Rc8 11. Bxc6 bxc6 12. c5 d5 13. e5 Ne8 14. f4 Nc7 15. Qd2 f6 16. exf6 Bxf6 17. Rae1 Ne6 18. Nxe6 Bxe6 19. Bd4 Bf5 20. h3 Rb8 21. Bxf6 exf6 22. Ne2 Be4 23. Nd4 Qd7 24. f5 gxf5 25. b3 Kh8 26. Qh6 Rf7 27. Nxf5 Bxf5 28. Qf4 Rb5 29. Qxf5 Qxf5 30. Rxf5 Rxc5 31. Ref1 Kg7 32. R1f2 Rc3 33. Kh2 Kg6 34. g4 Re3 35. h4 Re5 36. R5f4 h6 37. Kg3 c5 38. Ra4 Rfe7 39. Ra6 R5e6 40. Rxe6 Rxe6 41. Rc2 Re3+ 42. Kf4 Re4+ 43. Kf3 c4 44. Rd2 cxb3 45. axb3 Re5 46. Rd4 h5 47. gxh5+ Kxh5 48. Ra4 Re1 49. Rxa7 Kxh4 50. Rg7 Rb1 51. Kf4 Kh5 52. Kf5 Rf1+ 53. Ke6 d4 54. b4 Kh6 55. Rd7 Rd1 56. Kxf6 d3 57. Ke5 d2 58. Rd6+ Kg7 59. Rd7+ Kf8 0-1


[Site "https://www.chess.com"]

[Event "Titled Tuesday Blitz July 25 Early 2023"]
[White "Kramnik, Vladimir"]
[Black "Ashraf, Artin"]
[WhiteFideId "4101588"]
[BlackFideId "22514805"]
[WhiteElo "2992"]
[BlackElo "2828"]
[Result "1-0"]
[Round "10"]
[TimeControl "180+2"]
[Date "2023.07.25"]
[WhiteClock "0:00:09"]
[BlackClock "0:00:02"]
[Board "11"]

1. e4 c5 2. Nf3 d6 3. d4 cxd4 4. Nxd4 Nf6 5. Nc3 a6 6. a4 e5 7. Nf3 Be7 8. Bg5 Be6 9. Bxf6 Bxf6 10. Nd5 Nd7 11. Bc4 Rc8 12. b3 Nb6 13. Nxf6+ Qxf6 14. Bxe6 Qxe6 15. c4 O-O 16. O-O Nd7 17. Re1 a5 18. Re3 Qe7 19. Ra2 Nc5 20. Rd2 Rfd8 21. g3 b6 22. Rd5 Ne6 23. h4 Nc5 24. Kg2 Rd7 25. Nd2 Rf8 26. Nb1 g6 27. Nc3 f5 28. exf5 gxf5 29. f4 e4 30. Rxf5 Rxf5 31. Qg4+ Qg7 32. Qxf5 Kh8 33. Nxe4 Rf7 34. Qg5 Qd4 35. Nf6 Rf8 36. Nd5 Ne4 37. Qe7 Qd2+ 38. Kf3 Qd1+ 39. Kxe4 Qh1+ 40. Kd3 Qd1+ 41. Kc3 Qc1+ 42. Kd4 Qd1+ 43. Ke4 Qh1+ 44. Rf3 Qb1+ 45. Rd3 Qh1+ 46. Kd4 Qg1+ 47. Kc3 Qc1+ 48. Kd4 Qg1+ 49. Qe3 Qa1+ 50. Nc3 Qa3 51. Rd1 Qb4 52. Kd3 Qxb3 53. Qd4+ Kg8 54. Rb1 Qa3 55. Qd5+ Kh8 56. Qg5 b5 57. Qxb5 h6 58. Qh5 Rg8 59. Qxh6# 1-0


[Site "https://www.chess.com"]

[Event "Titled Tuesday Blitz July 25 Early 2023"]
[White "Sychev, Klementy"]
[Black "Svane, Rasmus"]
[WhiteFideId "4114060"]
[BlackFideId "4657101"]
[WhiteElo "2853"]
[BlackElo "2971"]
[Result "1/2-1/2"]
[Round "10"]
[TimeControl "180+2"]
[Date "2023.07.25"]
[WhiteClock "0:00:03"]
[BlackClock "0:00:03"]
[Board "12"]

1. e4 c6 2. c4 d5 3. cxd5 cxd5 4. exd5 Nf6 5. Qa4+ Nbd7 6. Nc3 g6 7. Bc4 Bg7 8. Nf3 a6 9. d3 Rb8 10. Bb3 b5 11. Qh4 Nc5 12. Bh6 O-O 13. O-O Bb7 14. Ng5 Nxb3 15. axb3 Bxd5 16. Rxa6 Bb7 17. Bxg7 Kxg7 18. Rxf6 Kxf6 19. Re1 e5 20. Re3 h5 21. Qg3 Re8 22. h4 Kg7 23. Rxe5 Qf6 24. Re3 b4 25. Nce4 Bxe4 26. dxe4 Qe5 27. Qf3 Re7 28. Rd3 Qxb2 29. g3 Ra8 30. Kg2 Ra1 31. e5 Qxe5 32. Re3 Qd6 33. Rxe7 Qxe7 34. Qf4 Qb7+ 35. Ne4 Re1 36. f3 Re2+ 37. Kf1 Qa6 38. Qe5+ Kf8 39. Qh8+ Ke7 40. Qe5+ Kd8 41. Qb8+ Ke7 42. Qxb4+ Ke8 43. Qb8+ Ke7 44. Qe5+ Kd8 45. Qb8+ Ke7 46. Qe5+ Kf8 47. Qh8+ Ke7 48. Qe5+ 1/2-1/2


[Site "https://www.chess.com"]

[Event "Titled Tuesday Blitz July 25 Early 2023"]
[White "Zubritskiy, Artyom"]
[Black "Anton Guijarro, David"]
[WhiteFideId "4181247"]
[BlackFideId "2285525"]
[WhiteElo "2812"]
[BlackElo "2964"]
[Result "1/2-1/2"]
[Round "10"]
[TimeControl "180+2"]
[Date "2023.07.25"]
[WhiteClock "0:00:04"]
[BlackClock "0:00:09"]
[Board "13"]

1. d4 d5 2. c4 e6 3. Nf3 c6 4. g3 dxc4 5. Bg2 b5 6. Ne5 Bb7 7. Nc3 a6 8. O-O Nf6 9. a4 Be7 10. axb5 axb5 11. Rxa8 Bxa8 12. Nxb5 cxb5 13. Bxa8 O-O 14. Bf3 Qc7 15. Qc2 Rd8 16. e3 Bd6 17. Ng4 Nxg4 18. Bxg4 Nc6 19. Bd2 Bb4 20. Bc3 e5 21. Rd1 exd4 22. exd4 g6 23. Bf3 Bf8 24. Qe4 Ne7 25. d5 Nf5 26. Bg4 Ng7 27. Bf6 Re8 28. Qd4 h5 29. Bh3 Qd6 30. Kf1 Kh7 31. f4 Kg8 32. Be5 Qb4 33. d6 Rd8 34. d7 Ne6 35. Bxe6 fxe6 36. Bf6 Be7 37. Be5 Kf7 38. Qe4 Qc5 39. Qf3 Qa7 40. Qc6 Qc5 41. Qxc5 Bxc5 42. Bc7 Ke7 43. Bxd8+ Kxd8 44. Ke2 Be7 45. Kf3 Bf6 46. Rd2 b4 47. Ke4 c3 48. bxc3 bxc3 49. Rc2 Kxd7 50. h3 Kd6 51. g4 hxg4 52. hxg4 Kc5 53. g5 Bg7 54. Kd3 Kd5 55. Ra2 e5 56. Ra5+ Ke6 57. fxe5 Bxe5 58. Ke4 Bg7 59. Ra6+ Kf7 60. Rc6 Bh8 61. Kd5 Bg7 62. Rc7+ Kf8 63. Rc8+ Kf7 64. Rc6 Kf8 65. Rc7 Kg8 66. Rc6 Kf7 67. Rc7+ Kf8 68. Rc8+ Kf7 69. Kd6 Bd4 70. Kd5 Bg7 1/2-1/2


[Site "https://www.chess.com"]

[Event "Titled Tuesday Blitz July 25 Early 2023"]
[White "Indjic, Aleksandar"]
[Black "Bauman_Guy"]
[WhiteFideId "911925"]
[WhiteElo "2963"]
[BlackElo "2795"]
[Result "1-0"]
[Round "10"]
[TimeControl "180+2"]
[Date "2023.07.25"]
[WhiteClock "0:00:22"]
[BlackClock "0:00:05"]
[Board "14"]

1. Nf3 d5 2. c4 c6 3. d4 Nf6 4. Nc3 g6 5. cxd5 Nxd5 6. e4 Nb6 7. h3 Bg7 8. Be3 Be6 9. a4 Nc4 10. Bf4 Nxb2 11. Qb1 Qb6 12. Be2 Qb3 13. Bd2 Na6 14. Ra2 Nd3+ 15. Bxd3 Qxb1+ 16. Bxb1 Bxa2 17. Bxa2 Nb4 18. Bb1 Rd8 19. Ke2 O-O 20. e5 c5 21. dxc5 Nc6 22. Bf4 Nd4+ 23. Nxd4 Rxd4 24. Be3 Rc4 25. Kd3 Rb4 26. f4 Rd8+ 27. Ke2 g5 28. g3 h5 29. Ne4 h4 30. Nxg5 hxg3 31. Rg1 Bh6 32. Ne4 Kf8 33. Kf3 Rxa4 34. Nxg3 e6 35. Be4 Rb4 36. Ne2 Rb3 37. Ra1 a6 38. Kf2 Kg8 39. h4 Bf8 40. h5 Kh8 41. Rc1 Rc8 42. Bd4 a5 43. f5 a4 44. f6 a3 45. Rc2 Rb4 46. Kf3 Rxd4 47. Nxd4 Rxc5 48. Ra2 Rxe5 49. Bxb7 Rxh5 50. Be4 Rh6 51. Nb5 Rxf6+ 52. Kg4 e5 53. Bf5 Rb6 54. Nc3 Rb2 55. Ra1 Kg7 56. Ne4 Rb4 57. Kf3 Rd4 58. Rg1+ Kh6 59. Rh1+ Kg7 60. Rh7+ Kg8 61. Nf6# 1-0


[Site "https://www.chess.com"]

[Event "Titled Tuesday Blitz July 25 Early 2023"]
[White "Agibileg, Uurtsaikh"]
[Black "Kamsky, Gata"]
[WhiteFideId "4901606"]
[BlackFideId "2000024"]
[WhiteElo "2647"]
[BlackElo "2961"]
[Result "1-0"]
[Round "10"]
[TimeControl "180+2"]
[Date "2023.07.25"]
[WhiteClock "0:00:04"]
[BlackClock "0:00:00"]
[Board "15"]

1. d4 Nf6 2. c4 g6 3. Nc3 Bg7 4. e4 d6 5. Be2 e5 6. Nf3 O-O 7. O-O Na6 8. Be3 Ng4 9. Bg5 f6 10. Bh4 c6 11. d5 c5 12. Ne1 Nh6 13. Nd3 g5 14. Bg3 f5 15. exf5 Nxf5 16. a3 Bd7 17. Ne4 h6 18. b4 b6 19. Bg4 Qe7 20. Rb1 Rab8 21. Re1 Nd4 22. Bxd7 Qxd7 23. h3 Rbc8 24. bxc5 Nxc5 25. Ndxc5 bxc5 26. Qg4 Qc7 27. h4 gxh4 28. Bxh4 Kh7 29. Qh5 Qd7 30. Re3 Qf5 31. Ng5+ Kg8 32. Rb7 hxg5 33. Rg3 Rf7 34. Rxg5 Qf4 35. Rxf7 Qxf7 36. Qg4 Rb8 37. Rg6 Kh7 38. Qh5+ Kg8 39. Bf6 Qxf6 40. Rxf6 Bxf6 41. Qg6+ Bg7 42. Qxd6 Re8 43. Qxc5 Nf5 44. d6 Rd8 45. Qd5+ Kh8 46. c5 1-0


[Site "https://www.chess.com"]

[Event "Titled Tuesday Blitz July 25 Early 2023"]
[White "Terry, Renato"]
[Black "ATM622"]
[WhiteFideId "3803457"]
[WhiteElo "2957"]
[BlackElo "2565"]
[Result "1-0"]
[Round "10"]
[TimeControl "180+2"]
[Date "2023.07.25"]
[WhiteClock "0:00:07"]
[BlackClock "0:00:00"]
[Board "16"]

1. d4 Nf6 2. Nf3 e6 3. c4 d5 4. e3 Be7 5. b3 O-O 6. Bd3 dxc4 7. bxc4 b6 8. O-O Bb7 9. Qe2 c5 10. Rd1 Qc7 11. Bb2 cxd4 12. exd4 Nc6 13. Nbd2 Rad8 14. Rac1 Nb4 15. Bb1 a5 16. a3 Nc6 17. Ne4 Nb8 18. d5 Nxe4 19. Qxe4 g6 20. Qd4 f6 21. Qe3 e5 22. h4 Bc5 23. Qe2 Nd7 24. h5 Kg7 25. Nh4 g5 26. Qd3 Rh8 27. Nf5+ Kf8 28. Qf3 h6 29. Be4 Bd6 30. Ne3 Kg7 31. Nf5+ Kf8 32. Re1 Nc5 33. Bc2 Re8 34. Nd4 Qg7 35. Nf5 Qc7 36. Re3 Bc8 37. Ng3 Qg7 38. Bf5 g4 39. Qd1 Qg5 40. Bxc8 Rxc8 41. a4 Kf7 42. Rb1 Rhe8 43. Ba1 f5 44. Rxb6 f4 45. Re2 fxg3 46. Rxd6 Ke7 47. Rc6 1-0


[Site "https://www.chess.com"]

[Event "Titled Tuesday Blitz July 25 Early 2023"]
[White "Xiong, Jeffery"]
[Black "Wagner, Dennis"]
[WhiteFideId "2047640"]
[BlackFideId "24650684"]
[WhiteElo "2984"]
[BlackElo "2776"]
[Result "1-0"]
[Round "10"]
[TimeControl "180+2"]
[Date "2023.07.25"]
[WhiteClock "0:00:41"]
[BlackClock "0:00:00"]
[Board "17"]

1. e4 e5 2. Nf3 Nc6 3. Bc4 Nf6 4. d3 Bc5 5. O-O d6 6. h3 h6 7. Nc3 a6 8. Be3 Bxe3 9. fxe3 Be6 10. Bb3 O-O 11. d4 Bxb3 12. axb3 Re8 13. Qd3 Nb4 14. Qd2 a5 15. Rae1 Qe7 16. Qd1 c6 17. Nh4 g6 18. Rf2 Nh7 19. Nf3 Rad8 20. Ref1 Rf8 21. Nd2 Kg7 22. Nc4 Qc7 23. h4 b5 24. Nd2 Qe7 25. h5 Qg5 26. hxg6 fxg6 27. Rxf8 Rxf8 28. Rxf8 Nxf8 29. Nf1 Ne6 30. d5 cxd5 31. Nxb5 Nc5 32. exd5 Qe7 33. Ng3 h5 34. Nf1 Kh7 35. Na3 Qg5 36. Nc4 e4 37. Nxd6 Nxd5 38. Qd4 Ne6 39. Nxe4 Nxd4 40. Nxg5+ Kh6 41. exd4 Kxg5 42. Kf2 Kf4 43. c4 Nb4 44. Ke2 Ke4 45. d5 Ke5 46. Nd2 Kd6 47. Nf3 Kc5 48. Kd2 1-0


[Site "https://www.chess.com"]